 Dungeon Crawl Stone Soup version 0.29.0-4-gdea44cf6ec (webtiles) character file.

Game seed: 18199614381727927861

188 Axelsxxd the Sneak (level 5, -9/27 HPs)
             Began as a Vine Stalker Brigand on Aug 27, 2022.
             Killed by nerve-wracking pain
             ... invoked by Menkaure
              (13 damage)
             ... on level 4 of the Dungeon.
             The game lasted 00:11:34 (3408 turns).

Axelsxxd the Sneak (Vine Stalker Brigand)           Turns: 3408, Time: 00:11:36

Health: -9/27      AC:  8    Str: 16    XL:     5   Next: 67%
Magic:  0/6        EV: 10    Int: 11    God:
Gold:   167        SH:  7    Dex: 15    Spells: 4/4 levels left

rFire   . . .      SeeInvis .   k - +2 dagger (freeze)
rCold   . . .      Faith    .   v - +0 kite shield
rNeg    . . .      Spirit   +   b - +0 robe
rPois   .          Reflect  .   q - +0 helmet
rElec   .          Harm     .   c - +0 cloak
rCorr   .          Rampage  .   (no gloves)
Will    .....                   (no boots)
Stlth   +++.......              (no amulet)
HPRegen 0.89/turn               n - +4 ring of protection
MPRegen 0.10/turn               (no ring)

@: no status effects
A: fangs 2, regeneration 1, magic shield, antimagic bite, no potion heal 2
a: no special abilities


You were on level 4 of the Dungeon.
You visited 1 branch of the dungeon, and saw 4 of its levels.

You collected 167 gold pieces.

Inventory:

Hand Weapons
 a - a +2 dagger
 k - a +2 dagger of freezing (weapon)
 l - a +2 dagger of venom
Missiles
 d - 8 poisoned darts (quivered)
 e - 3 curare-tipped darts
Armour
 b - a +0 robe (worn)
 c - a +0 cloak (worn)
 q - a +0 helmet (worn)
 v - a +0 kite shield (worn)
Jewellery
 n - a +4 ring of protection (left hand)
Wands
 B - a wand of flame (24)
Scrolls
 f - 2 scrolls of poison {unknown}
 g - 4 scrolls of identify {unknown}
 h - 3 scrolls of amnesia {unknown}
 o - a scroll of vulnerability {unknown}
 r - 2 scrolls of blinking {unknown}
 w - 2 scrolls of torment {unknown}
 x - a scroll of enchant weapon {unknown}
 y - a scroll of magic mapping {unknown}
 A - a scroll of teleportation {unknown}
 C - a scroll of fog {unknown}
Potions
 i - 2 potions of curing {unknown}
 j - a potion of brilliance {unknown}
 m - a potion of might {unknown}
 p - a potion of heal wounds {unknown}
 s - a potion of berserk rage {unknown}
 t - 2 potions of resistance {unknown}
 u - a potion of flight {unknown}
 z - 3 potions of degeneration {unknown}


   Skills:
 * Level 2.7 Fighting
 * Level 2.7 Short Blades
 * Level 2.6 Throwing
 + Level 0.8 Armour
 * Level 1.9 Dodging
 * Level 5.6 Stealth
 + Level 0.0 Shields


You had 4 spell levels left.
You didn't know any spells.
Your spell library contained the following spells:

 Spells                   Type           Power      Damage    Failure   Level
 Sublimation of Blood     Necr           0%         N/A       89%         2
 Wereblood                Tmut           0%         N/A       89%         2
 Gell's Gravitas          Tloc           0%         N/A       98%         3
 Lesser Beckoning         Tloc           0%         N/A       98%         3
 Teleport Other           Tloc           0%         N/A       98%         3
 Petrify                  Tmut/Erth      0%         N/A       100%        4
 Irradiate                Conj/Tmut      0%         3d11      100%        5
 Summon Hydra             Summ           0%         N/A       100%        7


Dungeon Overview and Level Annotations

Branches:
Dungeon (4/15)
 Temple: D:4-7

Altars:
Hepliaklqana

Shops:
D:2 [

Annotations:
D:4 Menkaure


Innate Abilities, Weirdness & Mutations

You have extremely sharp teeth.
Your natural rate of healing is unusually fast.
When hurt, damage is shared between your health and your magic reserves.
Your bite disrupts and absorbs the magic of your enemies.
Potions cannot restore your health.


Message History

Menkaure is lightly damaged.
Menkaure hits you.
You hit Menkaure but do no damage. Your bite misses Menkaure.
Menkaure is lightly damaged.
Menkaure hits you.
You hit Menkaure but do no damage.
Menkaure is lightly damaged.
Menkaure gestures wildly while chanting.
Menkaure seems to speed up.
You hit Menkaure.
Menkaure is lightly damaged.
Menkaure hits you.
You hit Menkaure. You freeze Menkaure. You bite Menkaure, but do no damage.
Menkaure is heavily damaged.
Menkaure hits you!
* * * LOW HITPOINT WARNING * * *
You barely miss Menkaure. Your bite misses Menkaure.
Menkaure is heavily damaged.
You block Menkaure's attack.
You hit Menkaure but do no damage.
Menkaure is heavily damaged.
You block Menkaure's attack. x2
You hit Menkaure. You freeze Menkaure.
Menkaure is almost destroyed.
Menkaure's magic is no longer disrupted.
Menkaure closely misses you.
You hit Menkaure.
Menkaure is almost destroyed.
Menkaure barely misses you.
You hit Menkaure but do no damage. Your bite misses Menkaure.
Menkaure is almost destroyed.
Menkaure mumbles a few words.
Menkaure completely misses you.
You hit Menkaure but do no damage. Your bite misses Menkaure.
Menkaure is almost destroyed.
Menkaure hits you!
* * * LOW HITPOINT WARNING * * *
Menkaure points at you and mumbles some strange words.
Pain shoots through your body!
You die...

#.......#.#.#
#.#
###.#.##.##.#
#.#
#.#.......####.#
#.#########....#
#'# #....# ...
###...###
#.......#
#.#..##.# #...@#
.#
.'.....M.......
.###.......####
###.##### #. #.
#. #.


You could see Menkaure (fast).

Vanquished Creatures
  Terence (D:2)
  An iguana (D:4)
  4 adders
  2 worms
  2 dart slugs (D:1)
  4 orcs (D:3)
  7 ball pythons
  9 endoplasms
  A giant cockroach (D:2)
  9 goblins
  13 hobgoblins
  7 jackals
  4 quokkas
  6 bats
  2 frilled lizards (D:1)
  2 kobolds (D:2)
  6 rats
80 creatures vanquished.

Notes
Turn   | Place    | Note
-------+----------+-------------------------------------------
     0 | D:1      | Axelsxxd the Vine Stalker Brigand began the quest for the
                  | Orb.
     0 | D:1      | Reached XP level 1. HP: 11/11 MP: 2/2
   142 | D:1      | Found a faded altar of an unknown god.
   276 | D:1      | Reached skill level 1 in Dodging
   276 | D:1      | Reached XP level 2. HP: 15/15 MP: 3/3
   365 | D:1      | Reached skill level 5 in Stealth
  1318 | D:1      | Reached XP level 3. HP: 18/18 MP: 4/4
  1780 | D:2      | Gained mutation: Your natural rate of healing is unusually
                  | fast. [Vine Stalker growth]
  1780 | D:2      | Reached XP level 4. HP: 23/23 MP: 5/5
  1802 | D:2      | Found Caynt's Antique Armour Shop.
  2044 | D:2      | Noticed Terence
  2061 | D:2      | Killed Terence
  2230 | D:3      | Reached XP level 5. HP: 27/27 MP: 6/6
  2479 | D:3      | Found a hazy altar of Hepliaklqana.
  3389 | D:4      | Noticed Menkaure
  3408 | D:4      | Killed from afar by Menkaure

Illustrated notes

Levels and vault maps discovered:
D:1:      lightli_arrival_statuegarden, layout_basic,
          hellmonk_ecumenical_altar_blasted
D:2:      cheibrodos_greedy_goblins, layout_basic, serial_shops,
          nicolae_shop_crystal, kennysheep_generic_room_5, uniq_terence
D:3:      layout_loops_corners, worldfamousw_hep_ancestral_shrine,
          minmay_between
D:4:      layout_loops_corners, chequers_serial_rivers_marsh, uniq_menkaure

Skill      XL: |  1  2 |
---------------+-------+-----
Dodging        | 1 |  1.9
Stealth        | 5 |  5.6
Fighting       | 2 |  2.7
Short Blades   | 2 |  2.7
Throwing       | 2 |  2.6
Armour         | |  0.8

Action                   |  1- 3 |  4- 6 || total
-------------------------+-------+-------++-------
Melee: Dagger            |    81 |   103 ||   184
       Bite              |    15 |    18 ||    33
       Punch             |     1 |     1 ||     2
Throw: Dart              |     3 |     4 ||     7
 Stab: Sleeping          |     8 |     9 ||    17
Armor: Robe              |    18 |    23 ||    41
Dodge: Dodged            |    33 |    37 ||    70
Block: Kite shield       |       |    13 ||    13
